 Dungeon Crawl Stone Soup version 0.25.0 (webtiles) character file.

Game seed: 1796505710380534504

46 Masnef the Vexing (level 3, -6/27 HPs)
             Began as a Barachi Arcane Marksman on June 13, 2020.
             Mangled by a scorpion (8 damage)
             ... on level 2 of the Dungeon.
             The game lasted 00:10:51 (1865 turns).

Masnef the Vexing (Barachi Arcane Marksman)         Turns: 1865, Time: 00:10:52

Health: -6/27      AC:  2    Str: 12    XL:     3   Next: 66%
Magic:  5/5        EV: 13    Int: 13    God:
Gold:   23         SH:  0    Dex: 12    Spells: 4/5 levels left

rFire    . . .     SeeInvis .   a - +0 hunting sling
rCold    . . .     Gourm    .   (no shield)
rNeg     . . .     Faith    .   e - +0 robe
rPois    .         Spirit   .   (no helmet)
rElec    .         Reflect  .   (no cloak)
rCorr    .         Harm     .   (no gloves)
MR       .....                  (no boots)
Stlth    +.........             (no amulet)
HPRegen  0.09/turn              (no ring)
MPRegen  0.09/turn              (no ring)

@: can't hop, slow
A: +LOS, swims, slowness 1, strong legs 1
a: Hop


You were on level 2 of the Dungeon.
You were hungry.

You visited 1 branch of the dungeon, and saw 2 of its levels.

You collected 23 gold pieces.

Inventory:

Hand Weapons
 a - a +0 hunting sling (weapon)
 k - a +2 dagger of protection
Missiles
 c - 41 bolts
 g - 59 stones (quivered)
 i - 8 arrows
Armour
 e - a +0 robe (worn)
Jewellery
 b - an uncursed ring of positive energy {unknown}
Potions
 h - a potion of resistance {unknown}
Comestibles
 f - 2 rations


   Skills:
 + Level 2.0 Fighting
 + Level 0.8 Short Blades
 + Level 2.3 Slings
 + Level 2.6 Dodging
 + Level 1.8 Spellcasting
 + Level 3.6 Hexes


You had 4 spell levels left.
You knew the following spells:

 Your Spells              Type           Power        Failure   Level  Hunger
a - Corona                Hex            ##.....      6%          1    ##.....

Your spell library contained the following spells:

 Spells                   Type           Power        Failure   Level  Hunger
 Slow                     Hex            ##......     9%          2    ###....
 Inner Flame              Hex/Fire       #.......     36%         3    ####...
 Portal Projectile        Hex/Tloc       #.....       36%         3    ####...
 Cause Fear               Hex            ##........   50%         4    #####..
 Leda's Liquefaction      Hex/Erth       #.........   77%         4    #####..


Dungeon Overview and Level Annotations

Branches:
Dungeon (2/15)

Altars:


Innate Abilities, Weirdness & Mutations

You can be seen from farther away. (+LOS)
You can swim through water.
You cover ground slowly.
You can hop short distances.


Message History

You shoot a stone. The stone hits the scorpion.
The scorpion is almost dead.
You feel sick. The scorpion barely misses you.
Firing (i - inventory)
g - 60 stones (quivered)
Press: ? - help, Shift-Dir - straight line, f/p - scorpion
Aim: a scorpion (almost dead)
You shoot a stone. The stone barely misses the scorpion.
* * * LOW HITPOINT WARNING * * *
You feel sick. The scorpion stings you!
* * * LOW HITPOINT WARNING * * *
You feel better. The scorpion stings you.
* * * LOW HITPOINT WARNING * * *
Hop to where?
Press: ? - help, Dir - move target cursor, p - scorpion Boing!
Found a stone staircase leading down.
You see here 2 sling bullets.
There is a stone staircase leading down here.
The scorpion stings you!
You die...

########.# . .# ##.##
.# .# #...# #># # .#
#...# ###.. .# .#
#...# #... .. .# #...#
###.##.# .# #...#
#$.... #
#######...###.#.##.#.#
#...........(..s@....#
................##.#.#
.......รท.(......# #
##.###....#.#.#?# ##.#
#....#.#..... ##.#
#....#.###.### ##.#
#....#.. ...$ ...#
#(...#.# ###.. ####
#(.(...# ..


You could see a scorpion.

Vanquished Creatures
  An adder (D:2)
  An ooze (D:1)
  2 dart slugs
  4 leopard geckos
  A goblin (D:1)
  3 hobgoblins
  2 jackals (D:2)
  4 frilled lizards
  4 kobolds
  4 rats
26 creatures vanquished.

Notes
Turn   | Place    | Note
-------+----------+-------------------------------------------
     0 | D:1      | Masnef the Barachi Arcane Marksman began the quest for the
                  | Orb.
     0 | D:1      | Reached XP level 1. HP: 15/15 MP: 2/2
   659 | D:1      | Reached XP level 2. HP: 21/21 MP: 3/3
  1155 | D:2      | Reached XP level 3. HP: 14/27 MP: 3/5
  1760 | D:2      | Noticed a scorpion
  1853 | D:2      | HP: 1/27 [scorpion (7)]
  1865 | D:2      | Mangled by a scorpion

Illustrated notes

Levels and vault maps discovered:
D:1:      heliophobic_arrival_battle_scene, layout_basic, wad_floor_pattern_2,
          minmay_liquid_box
D:2:      layout_loops_cross, first_ration

Skill      XL: |  1  2  3 |
---------------+----------+-----
Fighting       | 2 |  2.0
Short Blades   | |  0.8
Slings         | |  2.3
Dodging        | |  2.6
Spellcasting   | |  1.8
Hexes          | |  3.6

Action                   || total
-------------------------++-------
 Fire: Hunting sling     ||    95
 Cast: Corona            ||    10
 Abil: Hop               ||     3
  Use: Scroll            ||     1
       Potion            ||     1
  Eat: Chunk             ||     3
Armor: Robe              ||     8
Dodge: Dodged            ||    36
